 Dungeon Crawl Stone Soup version 0.29.1-15-g9cfb28693d (webtiles) character file.

Game seed: 238784891106327266

123 Peloso the Covered (level 4, -3/41 HPs)
             Began as a Minotaur Fighter on Apr 7, 2023.
             Killed by nerve-wracking pain
             ... invoked by an orc priest
              (10 damage)
             ... on level 2 of the Dungeon.
             The game lasted 00:02:47 (1441 turns).

Peloso the Covered (Minotaur Fighter)               Turns: 1441, Time: 00:02:48

Health: -3/41      AC:  7    Str: 20    XL:     4   Next: 79%
Magic:  3/3        EV:  8    Int:  5    God:
Gold:   70         SH:  9    Dex: 12    Spells: 3/3 levels left

rFire   . . .      SeeInvis .   a - +0 long sword
rCold   . . .      Faith    .   d - +0 kite shield
rNeg    . . .      Spirit   .   b - +0 scale mail
rPois   .          Reflect  .   (helmet restricted)
rElec   .          Harm     .   (no cloak)
rCorr   .          Rampage  .   (no gloves)
Will    .....                   (no boots)
Stlth   ..........              (no amulet)
HPRegen 0.13/turn               (no ring)
MPRegen 0.08/turn               (no ring)

@: no status effects
A: horns 2, retaliatory headbutt
a: no special abilities


You were on level 2 of the Dungeon.
You visited 1 branch of the dungeon, and saw 2 of its levels.

You collected 70 gold pieces.

Inventory:

Hand Weapons
 a - a +0 long sword (weapon)
Armour
 b - a +0 scale mail (worn)
 d - a +0 kite shield (worn)
Scrolls
 c - a scroll of teleportation {unknown}
Potions
 e - a potion of brilliance
 f - 2 potions of heal wounds
 g - a potion of resistance
 h - a potion of cancellation
 i - a potion of degeneration {unknown}
 j - a potion of might
 l - a potion of curing


   Skills:
 + Level 4.7 Fighting
 + Level 3.1 Long Blades
 + Level 4.8 Armour
 + Level 0.1 Dodging
 + Level 0.1 Stealth
 + Level 4.5 Shields


You had 3 spell levels left.
You didn't know any spells.
Your spell library was empty.

Dungeon Overview and Level Annotations

Branches:
Dungeon (2/15)

Altars:


Innate Abilities, Weirdness & Mutations

You have a pair of horns on your head.
You reflexively headbutt those who attack you in melee.


Message History

Found a stone staircase leading down.
The adder hisses angrily.
You see here the felid corpse of Natasha.
Unknown command.
An adder is nearby!
You see here 2 clear potions.
An orc priest comes into view. It is wielding a +0 club.
The adder bites you but does no damage.
You miss the adder. Your headbutt misses the adder.
The adder bites you but does no damage. You block the adder's attack.
You barely miss the adder. You block the adder's attack.
The adder barely misses you.
You hit the adder but do no damage. The adder bites you but does no damage.
You block the adder's attack.
The orc priest invokes the aid of Beogh against you.
Beogh smites you!
* * * LOW HITPOINT WARNING * * *
You block the adder's attack. The adder attacks as you move away!
You block the adder's attack. The adder bites you but does no damage.
Things that are here:
a +0 dagger; an adder corpse; an adder corpse The adder attacks as you move away!
The adder bites you but does no damage. You block the adder's attack.
The adder attacks as you move away! You block the adder's attack.
The adder bites you but does no damage. The adder attacks as you move away!
The adder bites you but does no damage.
You open the door. The adder bites you but does no damage.
There is an open door here.
You block the adder's attack. The adder attacks as you move away!
You block the adder's attack.
You see here a +0 short sword.
The adder bites you.
* * * LOW HITPOINT WARNING * * *
The adder attacks as you move away! You block the adder's attack.
The adder attacks as you move away! The adder barely misses you. x2
You furiously retaliate!
You headbutt the adder!
The orc priest invokes the aid of Beogh against you.
Pain shoots through your body!
You die...

#...o.......#.#
#...........#.###########
#...........#...........#
###o..........#.#########.#
..).##........#.#......<#.#
###.##........#.#....#....#
#.............#.#..#.#.#####
.....#o......##....#.#.....#
#.#.†....#####..@.##.#####.#
..#.####.#.o..S.........##.#
###.####'#!).###..###.#.##.#
#.#......#.##.......#.##.#
#.#.....>#.##.......#.##.#
###.#......#.##.........##.#
.............##.........##.#
........................##.#
...............#######..##.#


You could see an orc priest and an adder.

Vanquished Creatures
  Terence (D:2)
  Natasha (twice) (D:2)
  2 adders (D:2)
  A dart slug (D:1)
  A ball python (D:1)
  2 endoplasms (D:1)
  3 goblins (D:1)
  6 hobgoblins (D:1)
  2 jackals (D:1)
  A quokka (D:1)
  A bat (D:1)
  2 frilled lizards
  4 kobolds
  2 rats
30 creatures vanquished.

Notes
Turn   | Place    | Note
-------+----------+-------------------------------------------
     0 | D:1      | Peloso the Minotaur Fighter began the quest for the Orb.
     0 | D:1      | Reached XP level 1. HP: 19/19 MP: 0/0
    82 | D:1      | Reached XP level 2. HP: 19/27 MP: 1/1
   901 | D:2      | Noticed Terence
   911 | D:2      | Reached XP level 3. HP: 26/33 MP: 2/2
   911 | D:2      | Killed Terence
  1292 | D:2      | Noticed Natasha
  1300 | D:2      | Killed Natasha
  1301 | D:2      | Reached XP level 4. HP: 18/41 MP: 3/3
  1397 | D:2      | Noticed Natasha
  1406 | D:2      | Killed Natasha
  1441 | D:2      | Killed from afar by an orc priest

Illustrated notes

Levels and vault maps discovered:
D:1:      dpeg_arrival_tiny_c, layout_rooms, chequers_serial_rivers_micro_e,
          due_unseen_surprise
D:2:      layout_basic, serial_shops, shop_statue, uniq_natasha, uniq_terence

Skill      XL: |  1  2  3  4 |
---------------+-------------+-----
Fighting       | 4 |  4.7
Shields        | 4 |  4.5
Armour         | 4 |  4.8
Long Blades    | 3 |  3.1
Dodging        | |  0.1
Stealth        | |  0.1

Action                   |  1- 3 |  4- 6 || total
-------------------------+-------+-------++-------
Melee: Long sword        |    74 |    19 ||    93
       Headbutt          |    12 |     1 ||    13
  Use: Scroll            |     4 |     1 ||     5
       Potion            |     3 |       ||     3
Armor: Scale mail        |    35 |    13 ||    48
Dodge: Dodged            |    31 |     9 ||    40
Block: Buckler           |     4 |       ||     4
       Kite shield       |    29 |    15 ||    44
